 Dungeon Crawl Stone Soup version 0.31.0-32-g396128a36d (webtiles) character file.

Game seed: 16512639493084658849

199 ChrisAssaf the Apothecary (level 5, -2/25 HPs)
             Began as a Vine Stalker Alchemist on Mar 10, 2024.
             Slain by a kobold brigand
             ... wielding a +0 dagger
              (4 damage)
             ... in a sewer.
             The game lasted 00:12:08 (3536 turns).

ChrisAssaf the Apothecary (Vine Stalker Alchemist)  Turns: 3536, Time: 00:12:09

Health: -2/25      AC:  2    Str: 11    XL:     5   Next: 77%
Magic:  0/10       EV: 12    Int: 17    God:
Gold:   53         SH:  0    Dex: 19    Spells: 0/10 levels left

rFire   . . .        l - +9 war axe of Gipeid {vamp, rElec rPois rC+ Dex+5}
rCold   + . .        (no shield)
rNeg    . . .        a - +0 robe
rPois   +            (no helmet)
rElec   +            (no cloak)
rCorr   .            (no gloves)
SInv    .            (no boots)
Will    .....        b - amulet of faith
Stlth   ++           (no ring)
HPRegen 1.04/turn    (no ring)
MPRegen 0.12/turn

%: guardian spirit, faith
@: very slow
A: fangs 2, regeneration 1, magic shield, antimagic bite, no potion heal 2
a: no special abilities


You were in a sewer.
You visited 1 branch of the dungeon, and saw 4 of its levels.
You also visited: Sewer.

You collected 119 gold pieces.
You spent 66 gold pieces at shops.

Inventory:

Hand Weapons
 f - a +0 short sword of draining
 l - the +9 war axe of Gipeid (weapon) {vamp, rElec rPois rC+ Dex+5}
   (You found it on level 3 of the Dungeon)

   Dex+5:     It affects your dexterity (+5).
   rC+:       It protects you from cold.
   rElec:     It insulates you from electricity.
   rPois:     It protects you from poison
Missiles
 i - 2 javelins (quivered)
Armour
 a - a +0 robe (worn)
Jewellery
 b - an amulet of faith (around neck)
Talismans
 k - a flux talisman
Potions
 c - a potion of curing
 d - a potion of heal wounds
 e - a potion of might
 g - 2 potions of degeneration
 h - a potion of haste {unknown}
 j - a potion of cancellation


   Skills:
 * Level 1.1 Fighting
 - Level 0.8 Short Blades
 * Level 0.1 Axes
 * Level 0.5 Throwing
 * Level 1.1 Armour
 * Level 2.0 Dodging
 * Level 3.1 Stealth
 * Level 3.1 Spellcasting
 * Level 1.5 Conjurations
 * Level 1.2 Air Magic
 * Level 3.9 Alchemy
 * Level 0.2 Shapeshifting


You couldn't memorise any spells.
You knew the following spells:

 Your Spells              Type           Power      Damage    Failure   Level
a - Sting                 Conj/Alch      44%        1d5       5%          1
b - Mercury Vapours       Alch/Air       22%        N/A       9%          2
c - Mephitic Cloud        Conj/Alch/Air  10%        N/A       21%         3
d - Olgreb's Toxic Radia  Alch           15%        N/A       34%         4

Your spell library contained the following spells:

 Spells                   Type           Power      Damage    Failure   Level
 Sticky Flame             Fire/Alch      9%         2d5       61%         4


Dungeon Overview and Level Annotations

Branches:
Dungeon (4/15)              Sewer (1/1)
 Temple: D:4-7

Altars:

Shops:
D:1 ?[*(   D:2 *


Innate Abilities, Weirdness & Mutations

You have extremely sharp teeth.
Your natural rate of healing is unusually fast.
When hurt, damage is shared between your health and your magic reserves.
Your bite disrupts and absorbs the magic of your enemies.
Potions cannot restore your health.


Message History

The kobold brigand hits you with a +0 dagger.
The kobold brigand misses you.
The kobold brigand hits you with a +0 dagger!
Your unstable footing causes you to fumble your attack.
You feel yourself speed up.
The kobold brigand hits you with a +0 dagger.
The kobold brigand barely misses you.
Your unstable footing causes you to fumble your attack.
The kobold brigand misses you.
You barely miss the kobold brigand. Your bite misses the kobold brigand.
The kobold brigand is moderately wounded.
The kobold brigand hits you with a +0 dagger!
The kobold brigand hits you with a +0 dagger.
You slash the kobold brigand!
You feel better.
The kobold brigand is heavily wounded.
The kobold brigand hits you with a +0 dagger.
Your unstable footing causes you to fumble your attack.
The kobold brigand hits you with a +0 dagger.
* * * LOW HITPOINT WARNING * * *
The kobold brigand hits you with a +0 dagger.
* * * LOW HITPOINT WARNING * * *
Unknown command.
Okay, then.
You barely miss the kobold brigand.
You punch the kobold brigand, but do no damage.
You bite the kobold brigand. You drain its power.
You feel invigorated.
The kobold brigand is heavily wounded.
The kobold brigand closely misses you.
Your unstable footing causes you to fumble your attack.
The kobold brigand hits you with a +0 dagger.
* * * LOW HITPOINT WARNING * * *
The kobold brigand closely misses you.
Unknown command.
Your unstable footing causes you to fumble your attack.
The kobold brigand barely misses you.
Your unstable footing causes you to fumble your attack.
The kobold brigand hits you with a +0 dagger.
* * * LOW HITPOINT WARNING * * *
The kobold brigand hits you with a +0 dagger.
You die...

#. .# #.#.#.#.#
#~ ~# #~#~#~#~#
#~ ~# #~#~#~#)# ~
#~#~# #~#~#)#~#
~~ .~~ #..~#~~~#
#~ #~# ##~###~##
#. #~# #~# #~#
#~###K# #~###~#
#~~~~@# #~.~~~#
##~.~## ##~~~##
#~~.# #~~.# #~.~#
#~~.# #.~.##
##~..# #~~..##
##..~.#
#~.~..#####..~~.#
##~~.~~~~~..~..##
###..~~~~~~.###


You could see a kobold brigand.

Vanquished Creatures
  A jelly (D:3)
  An orc priest (D:4)
  Terence (D:2)
  A river rat (D:4)
  2 ribbon worms
  2 dart slugs
  7 orcs
  9 ball pythons
  7 bats
  7 endoplasms
  A giant cockroach (D:4)
  9 goblins
  10 hobgoblins
  4 jackals (D:2)
  7 kobolds
  3 quokkas
  2 frilled lizards (D:1)
  7 rats
81 creatures vanquished.

Notes
Turn   | Place    | Note
-------+----------+-------------------------------------------
     0 | D:1      | ChrisAssaf the Vine Stalker Alchemist began the quest for
                  | the Orb.
     0 | D:1      | Reached XP level 1. HP: 9/9 MP: 4/4
    26 | D:1      | Found Juxka's Magic Scroll Shop.
   244 | D:1      | Reached XP level 2. HP: 13/13 MP: 3/6
   247 | D:1      | Learned a level 2 spell: Mercury Vapours
   451 | D:1      | Found Omioxoech's Armour Boutique.
   627 | D:1      | Found Ilywunuh's Weapon Shoppe.
   952 | D:1      | Found Jogamp's General Store.
   961 | D:1      | Bought a scroll of identify for 22 gold pieces
   961 | D:1      | Bought a scroll of identify for 22 gold pieces
  1126 | D:1      | Reached XP level 3. HP: 17/17 MP: 7/7
  1130 | D:1      | Learned a level 3 spell: Mephitic Cloud
  1664 | D:2      | Found Ulimuare's General Store.
  1697 | D:2      | Bought a scroll of identify for 22 gold pieces
  1802 | D:2      | Noticed Terence
  1823 | D:2      | Killed Terence
  1824 | D:2      | Reached XP level 4. HP: 21/21 MP: 2/9
  2487 | D:3      | Found a faded altar of an unknown god.
  2639 | D:3      | Reached XP level 5. HP: 25/25 MP: 10/10
  2671 | D:3      | Learned a level 4 spell: Olgreb's Toxic Radiance
  2733 | D:3      | Reached skill level 1 in Air Magic
  2813 | D:3      | Identified the +9 war axe of Gipeid {vamp, rElec rPois rC+
                  | Dex+5}
  3125 | D:3      | Reached skill level 1 in Fighting
  3362 | D:4      | Reached skill level 1 in Armour
  3373 | D:4      | Found a glowing drain.
  3407 | Sewer    | Entered a sewer
  3516 | Sewer    | Noticed a kobold brigand
  3534 | Sewer    | HP: 1/25 [kobold brigand/+0 dagger (5)]
  3536 | Sewer    | Slain by a kobold brigand

Illustrated notes

Levels and vault maps discovered:
D:1:      wheals_arrival_shading, layout_basic, serial_shops, shop,
          nicolae_square_shop, nicolae_shop_crystal, shop,
          nicolae_concentric_dashed_squares_wild, st_stairs_5,
          nrook_mini_vaults, hangedman_decor_push
D:2:      layout_basic, serial_shops, shop, uniq_terence
D:3:      layout_basic, shapermc_ecumenical_altar_mp_highgroup,
          minmay_crystal_water
D:4:      layout_layer_cave, xom_confusion_cloud, kennysheep_little_box,
          mainiacjoe_overflow_small_starburst, minmay_temple_entry_fiery,
          portal_sewer_entry_c, serial_shops, shop, chequers_ossuary_entry_cave,
          ebering_ghost_disaster_area, minivault_14, uniq_grinder
Sewer:    sewer_co_tree

Skill      XL: |  1  2  3  4  5 |
---------------+----------------+-----
Spellcasting   | 3 |  3.1
Stealth        | 3 |  3.1
Air Magic      | 1 |  1.2
Fighting       | 1 |  1.1
Armour         | 1 |  1.1
Dodging        | 2 |  2.0
Short Blades   | |  0.8
Axes           | |  0.1
Throwing       | |  0.5
Conjurations   | |  1.5
Alchemy        | |  3.9
Shapeshifting  | |  0.2

Action                     |  1- 3 |  4- 6 || total
---------------------------+-------+-------++-------
  Melee: Short sword       |    34 |    21 ||    55
         Bite              |     6 |     8 ||    14
         War axe           |       |    31 ||    31
         Punch             |       |     1 ||     1
  Throw: Javelin           |       |    18 ||    18
   Cast: Sting             |    37 |       ||    37
         Mercury Vapours   |    15 |     8 ||    23
         Mephitic Cloud    |     1 |       ||     1
         Olgreb's Toxic Ra |       |     5 ||     5
    Use: Scroll            |     5 |     1 ||     6
         Potion            |     1 |       ||     1
   Stab: Sleeping          |     1 |     3 ||     4
         Confused          |     1 |       ||     1
 Armour: Robe              |    47 |    36 ||    83
  Dodge: Dodged            |    45 |    27 ||    72
